 Dungeon Sprint DCSS version 0.20.1-1-g8b1a95d (console) character file.

48 hilaritas the Ruffian (level 3, -2/39 HPs)
             Began as a Troll Fighter on Feb 23, 2018.
             Was a Priest of Uskayaw.
             Slain by an orc warrior
             ... wielding a +0 trident
              (14 damage)
             ... in the Dungeon (Sprint VII: "The Pits").
             The game lasted 00:01:11 (120 turns).

hilaritas the Ruffian (Troll Fighter)                Turns: 120, Time: 00:01:12

Health: -2/39      AC:  5    Str: 24    XL:     3   Next: 50%
Magic:  1/3        EV:  8    Int:  5    God:    Uskayaw [***...]
Gold:   0          SH:  9    Dex:  9    Spells: 2/2 levels left

rFire    . . .     SeeInvis .     - Unarmed
rCold    . . .     Gourm    +   b - +0 shield
rNeg     . . .     Faith    .   a - +0 robe
rPois    .         Spirit   .   (helmet restricted)
rElec    .         Reflect  .   (no cloak)
rCorr    .         Harm     .   (gloves unavailable)
MR       .....     NoTele   +   (boots unavailable)
Stlth    +.........             (no amulet)
Regen    0.6/turn               (no ring)
MPRegen  0.1/turn               (no ring)

@: no status effects
A: unfitting armour, claws 3, fast metabolism 3, gourmand, regeneration 1,
shaggy fur 1, tough skin 2
a: Stomp, Line Pass, Renounce Religion


You were in the Dungeon.
You worshipped Uskayaw.
Uskayaw was noncommittal.
You were not hungry.

You visited 1 branch

Inventory:

Hand Weapons
 k - a +2 mace
Armour
 a - a +0 robe (worn)
 b - a +0 shield (worn)
Scrolls
 j - a scroll of blinking
 m - 3 scrolls of remove curse
 n - 5 scrolls of amnesia
 o - a scroll of summoning
Potions
 c - a potion of might
 e - a potion of curing
 f - a potion of heal wounds
 g - a potion of haste
 h - 4 potions of magic
 i - 3 potions of berserk rage
 l - 2 potions of invisibility
Comestibles
 d - 9 bread rations
 p - 40 fruits
 q - 7 meat rations


   Skills:
 + Level 3.9 Fighting
 - Level 2.4 Dodging
 + Level 3.8 Shields
 * Level 4.1 Unarmed Combat
 * Level 2.4 Invocations


You had 2 spell levels left.
You didn't know any spells.

Dungeon Overview and Level Annotations

Branches:
Dungeon (1/1)

Altars:
Ashenzari
Cheibriados
Dithmenos
Elyvilon
Fedhas
Gozag
Hepliaklqana
Kikubaaqudgha
Makhleb
Nemelex Xobeh
Okawaru
Qazlal
Ru
Sif Muna
Trog
Uskayaw
Vehumet
Xom
Yredelemnul
Zin
The Shining One
Beogh
Jiyva
Lugonu


Innate Abilities, Weirdness & Mutations

You are too large for most types of armour.
You have claws for hands.
Your metabolism is lightning-fast.
You like to eat raw meat.
Your natural rate of healing is unusually fast.
You are covered in fur. (AC +1)
You have very tough skin. (AC +2)


Message History

The orc warrior is no longer paralysed.
The orc is no longer paralysed.
The goblin is no longer paralysed.
You scratch the goblin but do no damage.
The orc warrior barely misses you.
You claw the goblin!
You kill the goblin!
The orc throws a tomahawk.
You block the tomahawk.
The orc warrior hits you from afar with a trident!
The orc closely misses you. You block the orc warrior's attack.
There is an open door here.
Items here: )) [ † a war axe; a dagger; a robe; a goblin corpse You scratch the orc warrior but do no damage.
The orc hits you with a short sword.
The orc warrior hits you with a trident!
You scratch the orc warrior.
The orc warrior is lightly wounded.
The orc barely misses you.
The orc warrior hits you with a trident!
You die...

##########'##..........
#.?(.')))'.##......#..#
##########.##..........
#...........'..........
#+#####'#####......#..#
#.....# #..........
#.....# ####'#####+
###'### #.......#
#.....# #.......#
#...(.# #.......#
####@## #...<...#
#...oo...##.......#
#........##.......#
###########.......#
#########


You could see an orc warrior and an orc.

Vanquished Creatures
  An orc wizard (D)
  An ufetubus (D)
  2 oozes (D)
  A leopard gecko (D)
  An orc (D)
  A ball python (D)
  A goblin (D)
  2 frilled lizards (D)
10 creatures vanquished.

Notes
Turn   | Place    | Note
-------+----------+-------------------------------------------
     0 | D        | hilaritas the Troll Fighter began the quest for the Orb.
     0 | D        | Reached XP level 1. HP: 22/22 MP: 0/0
    42 | D        | Found a glowing golden altar of the Shining One.
    42 | D        | Found a glowing silver altar of Zin.
    42 | D        | Found a basalt altar of Yredelemnul.
    42 | D        | Found a shimmering altar of Xom.
    42 | D        | Found a bloodstained altar of Trog.
    42 | D        | Found a deep blue altar of Sif Muna.
    42 | D        | Found a sacrificial altar of Ru.
    42 | D        | Found a stormy altar of Qazlal.
    42 | D        | Found an iron altar of Okawaru.
    42 | D        | Found a sparkling altar of Nemelex Xobeh.
    42 | D        | Found a burning altar of Makhleb.
    42 | D        | Found a viscous altar of Jiyva.
    42 | D        | Found a hazy altar of Hepliaklqana.
    42 | D        | Found an opulent altar of Gozag.
    42 | D        | Found a blossoming altar of Fedhas.
    42 | D        | Found a white marble altar of Elyvilon.
    42 | D        | Found a shadowy altar of Dithmenos.
    42 | D        | Found a snail-covered altar of Cheibriados.
    44 | D        | Found a radiant altar of Vehumet.
    44 | D        | Found a corrupted altar of Lugonu.
    44 | D        | Found a roughly hewn altar of Beogh.
    45 | D        | Found a hide-covered altar of Uskayaw.
    45 | D        | Found an ancient bone altar of Kikubaaqudgha.
    45 | D        | Found a shattered altar of Ashenzari.
    53 | D        | Became a worshipper of Uskayaw the Reveler
    72 | D        | Reached * piety under Uskayaw
    76 | D        | Reached ** piety under Uskayaw
    93 | D        | Reached skill level 3 in Unarmed Combat
    93 | D        | Reached XP level 2. HP: 26/31 MP: 1/1
    97 | D        | Reached skill level 1 in Invocations
   111 | D        | Reached XP level 3. HP: 32/39 MP: 1/3
   112 | D        | Noticed an orc warrior
   114 | D        | Reached skill level 4 in Unarmed Combat
   114 | D        | Reached *** piety under Uskayaw
   120 | D        | Slain by an orc warrior

Skill      XL: |  1  2  3 |
---------------+----------+-----
Fighting       | 3 |  3.9
Shields        | 3 |  3.8
Unarmed Combat | 3 4 |  4.1
Invocations    | 2 |  2.4
Dodging        | |  2.4

Action                   || total
-------------------------++-------
Melee: Unarmed           ||    35
 Stab: Sleeping          ||     1
       Paralysed         ||     1
  Eat: Chunk             ||     1
Armor: Robe              ||    14
Dodge: Dodged            ||    14
Block: Shield            ||    18
